 Dungeon Crawl Stone Soup version 0.23.1 (webtiles) character file.

Game seed: 0

1381 Gargoyl the Covered (level 8, 0/67 HPs)
             Began as a Centaur Abyssal Knight on Mar 10, 2019.
             Was a Priest of Lugonu.
             Slain by a wight
             ... wielding a +4 spear of freezing
              (1 damage)
             ... on level 6 of the Dungeon on Mar 11, 2019.
             The game lasted 00:10:32 (6954 turns).

Gargoyl the Covered (Centaur Abyssal Knight)        Turns: 6954, Time: 00:10:32

Health: 0/67       AC:  9    Str: 15 (16) XL:     8   Next: 39%
Magic:  10/11      EV:  8    Int: 10 (11) God:    Lugonu [***...]
Gold:   347        SH:  0    Dex:  8 (10) Spells: 7/7 levels left

rFire    . . .     SeeInvis .   u - +1 hand axe (chop)
rCold    . . .     Gourm    .   (no shield)
rNeg     . . .     Faith    .   e - +1 ring mail
rPois    .         Spirit   .   k - +0 helmet
rElec    .         Reflect  .   j - +0 cloak
rCorr    +         Harm     .   (no gloves)
MR       .....                  (no barding)
Stlth    ..........             (no amulet)
HPRegen  0.21/turn              l - ring of resist corrosion
MPRegen  0.12/turn              (no ring)

@: very heavily drained, very quick
A: large, hooves 3, deformed body, speed 2, tough skin 3
a: Depart the Abyss, Bend Space, Banish, Renounce Religion


You were on level 6 of the Dungeon.
You worshipped Lugonu.
Lugonu was most pleased with you.
You were not hungry.

You visited 1 branch of the dungeon, and saw 6 of its levels.
You visited the Abyss 1 time.

You collected 347 gold pieces.

Inventory:

Hand Weapons
 a - a +2 hand axe
 u - a +1 hand axe of chopping (weapon)
Missiles
 s - 3 tomahawks of returning (quivered)
Armour
 e - a +1 ring mail (worn)
 j - a +0 cloak (worn)
 k - a +0 helmet (worn)
Jewellery
 l - a ring of resist corrosion (left hand)
Wands
 t - a wand of iceblast (11)
Scrolls
 f - 4 scrolls of teleportation
 i - a scroll of identify
 o - a scroll of remove curse
Potions
 n - a potion of flight
 r - 2 potions of brilliance
Comestibles
 c - 7 rations


   Skills:
 + Level 4.5(1.6) Fighting
 + Level 4.4(1.4) Axes
 + Level 0.8(0.0) Throwing
 * Level 4.9(2.0) Armour
 * Level 3.0(0.2) Dodging
 * Level 4.8(1.9) Invocations


You had 7 spell levels left.
You didn't know any spells.
Your spell library contained the following spells:

 Spells                   Type           Power        Failure   Level  Hunger
 Beastly Appendage        Tmut           #.....       58%         1    ##.....
 Sticks to Snakes         Tmut           #.......     73%         2    ###....
 Spider Form              Tmut/Pois      #.........   91%         3    ####...
 Ice Form                 Ice/Tmut       #.......     100%        4    #####..
 Blade Hands              Tmut           #.........   100%        5    ######.


Dungeon Overview and Level Annotations

Branches:
Dungeon (6/15)             Temple (0/1) D:5

Altars:
Ashenzari
Cheibriados
Dithmenos
Hepliaklqana
Kikubaaqudgha
Nemelex Xobeh
Okawaru
Trog
Wu Jian
The Shining One

Shops:
D:5 %


Innate Abilities, Weirdness & Mutations

You have hooves in place of feet.
Armour fits poorly on your strangely shaped body.
You cover ground very quickly.
You have extremely tough skin. (AC +3)


Message History

You feel drained. The wight freezes you.
* * * LOW HITPOINT WARNING * * *
Unknown command.
You hit the wight.
The wight is almost destroyed.
You hit the wight but do no damage. The wight completely misses you.
The wight hits you but does no damage.
Unknown command.
You hit the wight.
You destroy the wight!
Lugonu accepts your kill.
You feel your intelligence returning.
You barely miss the wight. The wight hits you but does no damage.
Unknown command.
The wight hits you with a +4 spear of freezing.
* * * LOW HITPOINT WARNING * * *
You feel drained.
* * * LOW HITPOINT WARNING * * *
The wight freezes you.
You die...

##? ≈≈...PP≈P≈ ... ≈....≈≈≈≈
### ####.##### . ♣z..P≈≈≈P
..##........##.. ...≈≈≈≈P
............... .≈≈z≈♣♣
##................
♣P≈≈≈###@.###............
♣≈≈§♣..z<......%...(.....
♣≈≈..).......%..........
#♣...#######............
#.....# #......#.....
.........# #............
............ ≈♣;P♣........
..............≈P≈≈≈≈P.≈≈....
.............♣≈P≈≈P≈≈.≈P♣...


You could see a wight.

Vanquished Creatures
  Grinder (D:5)
  Edmund (D:6)
  A sky beast (D:6)
  2 centaurs
  An ogre (D:4)
  2 bullfrogs (D:5)
  2 wights (D:6)
  A crimson imp (D:5)
  2 bullfrog skeletons
  A centaur skeleton (D:5)
  A hound (D:5)
  An orc wizard (D:4)
  3 iguanas
  4 worker ants
  A howler monkey skeleton (D:6)
  6 adders
  2 adder skeletons
  6 worms
  2 dart slugs
  6 leopard geckos
  11 orcs
  A ball python (D:3)
  10 bats
  3 giant cockroaches
  5 goblins
  6 hobgoblins
  3 jackals (D:2)
  7 kobolds
  6 quokkas
  4 frilled lizards
  2 leopard gecko skeletons
  A leopard gecko zombie (D:5)
  8 rats
113 creatures vanquished.

Vanquished Creatures (others)
  An electric eel (D:6)
1 creature vanquished.

Grand Total: 114 creatures vanquished

Notes
Turn   | Place    | Note
-------+----------+-------------------------------------------
     0 | Abyss:1  | Gargoyl the Centaur Abyssal Knight began the quest for the
                  | Orb.
     0 | Abyss:1  | Reached XP level 1. HP: 19/19 MP: 2/2
     5 | Abyss:2  | Found a corrupted altar of Lugonu.
    13 | Abyss:2  | Noticed a bone dragon
    58 | Abyss:2  | Noticed an ancient zyme
    83 | Abyss:2  | Noticed a smoke demon
    86 | Abyss:2  | Noticed a large abomination
    91 | Abyss:2  | Noticed a tentacled starspawn
    91 | Abyss:2  | Noticed a raiju
    92 | D:1      | Escaped the Abyss
   325 | D:1      | Reached * piety under Lugonu
   331 | D:1      | Reached XP level 2. HP: 14/26 MP: 3/3
   873 | D:1      | Reached skill level 1 in Dodging
  1030 | D:2      | Reached XP level 3. HP: 27/31 MP: 4/4
  1137 | D:2      | Found a shadowy altar of Dithmenos.
  1187 | D:2      | Found a glowing golden altar of the Shining One.
  1846 | D:2      | Found an ornate altar of the Wu Jian Council.
  1938 | D:2      | Found a sparkling altar of Nemelex Xobeh.
  1985 | D:2      | Reached ** piety under Lugonu
  2461 | D:3      | Reached XP level 4. HP: 28/38 MP: 5/5
  3356 | D:3      | Found a bloodstained altar of Trog.
  3491 | D:4      | Reached XP level 5. HP: 8/45 MP: 7/7
  4269 | D:4      | Noticed an ogre
  4282 | D:4      | Killed an ogre
  4282 | D:4      | Reached XP level 6. HP: 26/52 MP: 8/8
  4596 | D:5      | Entered Level 5 of the Dungeon
  4620 | D:5      | Noticed Grinder
  5078 | D:5      | Killed Grinder
  5078 | D:5      | Reached XP level 7. HP: 58/58 MP: 9/9
  5418 | D:5      | Found a staircase to the Ecumenical Temple.
  5508 | D:5      | Found Cediw's Food Shoppe.
  5524 | D:5      | Found a snail-covered altar of Cheibriados.
  5634 | D:5      | Found an ancient bone altar of Kikubaaqudgha.
  5637 | D:5      | Found an iron altar of Okawaru.
  5640 | D:5      | Found a hazy altar of Hepliaklqana.
  5894 | D:6      | Reached *** piety under Lugonu
  6358 | D:6      | Reached XP level 8. HP: 28/66 MP: 11/11
  6475 | D:6      | Noticed Edmund
  6713 | D:6      | Killed Edmund
  6763 | D:6      | Found a shattered altar of Ashenzari.
  6954 | D:6      | HP: 2/67 [wight/+4 spear of freezing (3)]
  6954 | D:6      | Slain by a wight

Skill      XL: |  1  2  3  4  5  6  7  8 |
---------------+-------------------------+-----
Axes           | 2 3 4 |  4.4
Dodging        | 1 2 3 |  3.0
Armour         | 2 3 4 |  4.9
Invocations    | 3 4 |  4.8
Fighting       | 4 |  4.5
Throwing       | |  0.8

Action                   |  1- 3 |  4- 6 |  7- 9 || total
-------------------------+-------+-------+-------++-------
Melee: Hand axe          |   120 |   144 |   140 ||   404
       Kick              |    19 |    28 |    36 ||    83
Throw: Tomahawk          |       |     6 |       ||     6
Invok: Depart the Abyss  |     1 |       |       ||     1
       Banish            |       |       |     1 ||     1
  Use: Potion            |     1 |     2 |     7 ||    10
       Scroll            |    11 |     3 |     3 ||    17
  Eat: Chunk             |     4 |     7 |     2 ||    13
       Ration            |       |       |     1 ||     1
Armor: Ring mail         |    81 |    69 |    91 ||   241
Dodge: Dodged            |    65 |    68 |    88 ||   221
